 Dungeon Crawl Stone Soup version 0.24-a0-584-g9d6b971ae4 (webtiles) character file.

Game seed: 14280876797269818152, levelgen mode: deterministic

685 Qrupt the Ogre Mage (level 7, -5/63 HPs)
             Began as an Ogre Fire Elementalist on Aug 29, 2019.
             Slain by a river rat (6 damage)
             ... summoned by Eustachio
             ... on level 5 of the Dungeon on Sept 2, 2019.
             The game lasted 00:17:45 (4876 turns).

Qrupt the Ogre Mage (Ogre Fire Elementalist)        Turns: 4876, Time: 00:17:46

Health: -5/63      AC:  4    Str: 13      XL:     7   Next: 62%
Magic:  2/14       EV: 10    Int: 18      God:
Gold:   262        SH:  0    Dex:  7 (9)  Spells: 4/15 levels left

rFire    . . .     SeeInvis .   e - +0 club
rCold    . . .     Gourm    .   (no shield)
rNeg     . . .     Faith    .   a - +1 robe
rPois    .         Spirit   .   (helmet restricted)
rElec    .         Reflect  .   (no cloak)
rCorr    .         Harm     .   (gloves unavailable)
MR       .....                  (boots unavailable)
Stlth    +.........             (no amulet)
HPRegen  0.20/turn              (no ring)
MPRegen  0.14/turn              (no ring)

@: lethally poisoned (-5 -> -20), very slightly contaminated
A: large, unfitting armour, claws 1, frail 1, tough skin 1
a: no special abilities


You were on level 5 of the Dungeon.
You were hungry.

You visited 1 branch of the dungeon, and saw 5 of its levels.

You collected 262 gold pieces.

Inventory:

Hand Weapons
 e - a +0 club (weapon)
Missiles
 d - a throwing net (quivered)
 g - 2 large rocks
Armour
 a - a +1 robe (worn)
Scrolls
 f - 2 scrolls of remove curse
 h - 4 scrolls of identify {unknown}
 k - a scroll of enchant armour
 l - a scroll of amnesia {unknown}
 m - 2 scrolls of fear {unknown}
 o - a scroll of immolation {unknown}
 p - 2 scrolls of fog {unknown}
Potions
 i - a potion of degeneration
 j - a potion of mutation
 n - 2 potions of flight
Comestibles
 c - 10 rations
 q - a chunk of flesh


   Skills:
 + Level 4.5 Fighting
 - Level 1.7 Dodging
 - Level 1.4 Stealth
 + Level 4.7 Spellcasting
 + Level 2.8 Conjurations
 + Level 4.3 Fire Magic
 - Level 2.1 Air Magic
 - Level 2.0 Poison Magic


You had 4 spell levels left.
You knew the following spells:

 Your Spells              Type           Power        Failure   Level  Hunger
a - Flame Tongue          Conj/Fire      ###..        3%          1    None
b - Conjure Flame         Conj/Fire      ###.....     10%         3    ###....
c - Mephitic Cloud        Conj/Pois/Air  ##......     16%         3    ###....
d - Sticky Flame          Conj/Fire      ###.....     30%         4    ####...

Your spell library contained the following spells:

 Spells                   Type           Power        Failure   Level  Hunger
 Magic Dart               Conj           ##..         4%          1    None
 Throw Flame              Conj/Fire      ###...       4%          2    #......
 Inner Flame              Hex/Fire       ##......     17%         3    ###....
 Blink                    Tloc           N/A          21%         2    #......
 Call Imp                 Summ           #.......     21%         2    #......
 Slow                     Hex            #.......     21%         2    #......
 Fireball                 Conj/Fire      ###.......   65%         5    ######.


Dungeon Overview and Level Annotations

Branches:
Dungeon (5/15)
 Temple: D:4-7

Altars:
Kikubaaqudgha
Nemelex Xobeh
Wu Jian

Annotations:
D:5 Eustachio


Innate Abilities, Weirdness & Mutations

You are too large for most types of armour.
You have tough skin. (AC +1)
You have sharp fingernails.
You are frail. (-10% HP)


Message History

The river rat twitches its whiskers.
The river rat bites you.
* * * LOW HITPOINT WARNING * * *
As you read the scroll labeled TOM RU COIKLIWK, it crumbles to dust.
You feel aware of your surroundings.
It was a scroll of magic mapping.
* * * LOW HITPOINT WARNING * * *
You feel sick.
Eustachio mumbles some strange words.
Eustachio blinks!
The ufetubus hits you.
* * * LOW HITPOINT WARNING * * *
The ufetubus barely misses you. The river rat closely misses you.
As you read the scroll labeled ROUSEE RULOLIR, it crumbles to dust.
It is a scroll of enchant armour.
Your +0 robe glows green for a moment.
* * * LOW HITPOINT WARNING * * *
You feel sick. The ufetubus hits you.
* * * LOW HITPOINT WARNING * * *
The ufetubus hits you but does no damage.
The river rat bites you.
You die...

*,* #.# #.....#. *,*
#.# ####..## *,* #.#
#..## *,* #.# #..##
*,* #.# #..## *,*
###.# #..## *,*
#...########<...
#5####..c.........###
#.55@r...##########
########.#,**
#..#,*********
*#.##*,,,,,,,,, *.##
**,******* *#,***,**
**,*,,* **,*,*
*,*,*****


You could see a centaur (confused), a quasit, a river rat, a shadow imp and an
ufetubus.

Vanquished Creatures
  An ogre (D:4)
  Blork the orc (D:4)
  A scorpion (D:4)
  2 hounds
  3 orc priests
  Jessica (D:3)
  2 orc wizards
  2 worker ants
  9 adders
  4 oozes
  An adder skeleton (D:4)
  An adder zombie (D:5)
  3 worms
  A dart slug (D:2)
  5 leopard geckos
  15 orcs
  8 giant cockroaches
  6 goblins
  7 hobgoblins
  2 jackals (D:3)
  7 bats
  5 frilled lizards
  A jackal skeleton (D:2)
  11 kobolds
  4 rats
103 creatures vanquished.

Vanquished Creatures (others)
  6 toadstools (D:2)
6 creatures vanquished.

Grand Total: 109 creatures vanquished

Notes
Turn   | Place    | Note
-------+----------+-------------------------------------------
     0 | D:1      | Qrupt the Ogre Fire Elementalist began the quest for the
                  | Orb.
     0 | D:1      | Reached XP level 1. HP: 16/16 MP: 3/3
    60 | D:1      | Reached skill level 1 in Fighting
    61 | D:1      | Reached XP level 2. HP: 15/27 MP: 0/5
   850 | D:1      | Reached XP level 3. HP: 28/35 MP: 7/7
  1153 | D:2      | Learned a level 3 spell: Conjure Flame
  1157 | D:2      | Learned a level 3 spell: Mephitic Cloud
  1200 | D:2      | Reached XP level 4. HP: 44/44 MP: 9/9
  1278 | D:2      | Reached skill level 1 in Conjurations
  1362 | D:2      | Found a sparkling altar of Nemelex Xobeh.
  1453 | D:2      | Found an ancient bone altar of Kikubaaqudgha.
  2044 | D:3      | Reached XP level 5. HP: 49/50 MP: 5/10
  2298 | D:3      | Reached skill level 1 in Air Magic
  2410 | D:3      | Noticed Jessica
  2417 | D:3      | Killed Jessica
  2417 | D:3      | Reached skill level 1 in Poison Magic
  3194 | D:3      | Reached XP level 6. HP: 58/61 MP: 7/11
  3333 | D:4      | Found an ornate altar of the Wu Jian Council.
  3359 | D:3      | Gained mutation: You are clumsy. (Dex -2) [potion of
                  | mutation]
  3359 | D:3      | Lost mutation: You are clumsy. (Dex -2) [potion of
                  | mutation]
  3359 | D:3      | Gained mutation: You are frail. (-10% HP) [potion of
                  | mutation]
  3359 | D:3      | Gained mutation: You have sharp fingernails. [potion of
                  | mutation]
  3361 | D:3      | HP: 2/54 [hound (4)]
  3695 | D:3      | Learned a level 4 spell: Sticky Flame
  3765 | D:4      | Noticed Blork the orc
  3782 | D:4      | Killed Blork the orc
  4013 | D:4      | Reached XP level 7. HP: 61/61 MP: 9/13
  4719 | D:5      | Entered Level 5 of the Dungeon
  4862 | D:5      | Noticed Eustachio
  4876 | D:5      | HP: 3/63 [poisoned by Eustachio]
  4876 | D:5      | HP: 1/63 [ufetubus[Eustachio] (2)]
  4876 | D:5      | Slain by a river rat

Levels and vault maps discovered:
D:1:      dpeg_arrival_pits, layout_basic
D:2:      layout_rooms, kiku_gazebo_pond_becter, first_ration,
          minmay_gold_behind_fungi, nemelex_xobeh_ov_fountains_minmay
D:3:      layout_basic, uniq_jessica
D:4:      layout_loops_ring, lemuel_crystal_altar, st_stairs_12,
          kennysheep_generic_room_8, uniq_blork_the_orc
D:5:      layout_loops_ring, serial_bayou_ford_a, nicolae_underground_beach,
          uniq_eustachio, uniq_pikel

Skill      XL: |  1  2  3  4  5  6  7 |
---------------+----------------------+-----
Fighting       | 1 2 3 4 |  4.5
Fire Magic     | 3 4 |  4.3
Spellcasting   | 3 4 |  4.7
Conjurations   | 1 2 |  2.8
Air Magic      | 1 2 |  2.1
Poison Magic   | 1 2 |  2.0
Dodging        | |  1.7
Stealth        | |  1.4

Action                   |  1- 3 |  4- 6 |  7- 9 || total
-------------------------+-------+-------+-------++-------
Melee: Unarmed           |    28 |       |       ||    28
       Club              |    72 |   105 |    33 ||   210
 Cast: Flame Tongue      |    24 |   105 |    41 ||   170
       Mephitic Cloud    |       |     5 |     6 ||    11
       Sticky Flame      |       |     1 |     1 ||     2
Evoke: Wand              |       |       |     2 ||     2
  Use: Potion            |       |     6 |     1 ||     7
       Scroll            |       |       |     3 ||     3
 Stab: Sleeping          |     1 |       |       ||     1
       Confused          |       |       |     1 ||     1
  Eat: Chunk             |     1 |     7 |     2 ||    10
       Ration            |       |     1 |       ||     1
Armor: Robe              |    51 |    52 |    19 ||   122
Dodge: Dodged            |    86 |   109 |    41 ||   236

Table legend:
 A = Non-vault XP
 B = Vault XP
 C = Vault XP percentage of total XP
 D = Non-vault monster count
 E = Vault monster count
 F = Vault count percentage of total count
                 A         B        C        D         E       F
            +---------+---------+-------+---------+---------+-------
      Total |     786 |     193 |  19.7 |      99 |       4 |   3.9
            +---------+---------+-------+---------+---------+-------
        D:1 |      35 |       0 |   0.0 |      23 |       0 |   0.0
        D:2 |      89 |       0 |   0.0 |      26 |       0 |   0.0
        D:3 |     162 |      80 |  33.1 |      25 |       2 |   7.4
        D:4 |     452 |     113 |  20.0 |      20 |       2 |   9.1
        D:5 |      48 |       0 |   0.0 |       5 |       0 |   0.0
            +---------+---------+-------+---------+---------+-------
